AoeStats
← Pikachu

Coastal

503068327Analyzed
1v1v1v1v1v1v1 RM · 1mo ago on Aug 30, 2026· 5m 25s· 7 players
Game mode
Random Map
Map size
Small (3 player)
Population
200
Speed
Fast
Resources
Standard
Victory
Standard
Starting age
Dark Age
Ending age
Dark Age
RankedLock teamsTeams togetherTeam positionsShared explorationLock speedFull tech treeHidden civsTurbo modeCheats

Team 6

Defeat
🇺🇸 Vikings · United States
1323

Team 7

Defeat
🇦🇺 Chinese · Australia
1351

Team 8

Defeat
🇺🇸 Portuguese · United States
1390

Team 9

Defeat
🇨🇳 Chinese · China
1375

Team 10

Defeat
🇲🇽 Chinese · Mexico
1304

Team 11

Defeat
🇹🇼 Chinese · Taiwan
1159

Team 12

Defeat
🇦🇷 Persians · Argentina
1417
ShowMeUrNoobs
2:05 Coinage
1:40 Marauders
1:10 Elite War Elephant
2:12 Marauders
4:05 Coinage
3:57 Marauders
4:31 Marauders
4:49 Marauders
5:52 Coinage
5:43 Marauders
5:49 Marauders
Pikachu
SreeGouranga
1:19 Stone Mining
1:04 Elite Karambit Warrior
1:47 #716
3:08 #716
4:28 Stone Mining
4:40 #716
982822489
2:32 Conscription
2:53 Coinage
1:51 Elite War Elephant
2:43 Marauders
3:37 Marauders
4:47 Coinage
4:41 Marauders
5:18 Marauders
6:03 Marauders
[CL] DAB2
2:33 Coinage
3:05 Conscription
2:08 Elite Huskarl
5:00 Conscription
4:03 Elite Huskarl
5:40 Conscription
4:44 Elite Huskarl
6:10 Conscription
5:18 Elite Huskarl
5:25 Elite Huskarl
Slot 8
鹹魚
3:48 Coinage
3:25 Royal Heirs
4:20 Royal Heirs
5:03 Royal Heirs
AIX
Connection lost

Rejoining the realm…

Still unreachable

The connection could not be restored.

Session expired

The server has moved on; the page needs a fresh start.